 Dungeon Crawl Stone Soup version 0.23.0 (webtiles) character file.

Game seed: 7010593652911451633

8 Monsterracer the Grasshopper (level 2, 0/12 HPs)
             Began as a Felid Wanderer on Feb 18, 2019.
             Slain by a hobgoblin
             ... wielding a +0 club
              (3 damage)
             ... on level 1 of the Dungeon.
             The game lasted 00:00:34 (261 turns).

Monsterracer the Grasshopper (Felid Wanderer)        Turns: 261, Time: 00:00:35

Health: 0/12       AC:  1    Str:  8    XL:     2   Next: 0%
Magic:  4/4        EV: 16    Int: 12    God:
Gold:   44         SH:  0    Dex: 16    Spells: 2/3 levels left
                                        Lives:  0   Deaths: 0

rFire    . . .     SeeInvis +     - Unarmed
rCold    . . .     Gourm    .   (shield unavailable)
rNeg     . . .     Faith    .   (armour unavailable)
rPois    .         Spirit   .   (helmet unavailable)
rElec    .         Reflect  .   (cloak unavailable)
rCorr    .         Harm     .   (gloves unavailable)
MR       .....                  (boots unavailable)
Stlth    ++........             (no amulet)
HPRegen  0.04/turn              (no ring)
MPRegen  0.09/turn              (no ring)

@: quick
A: very small, no armour, no weapons or thrown items, stealth, claws 1, fangs 3,
see invisible, carnivore, speed 1, shaggy fur 1, slow metabolism 1, sharp paws
a: no special abilities


You were on level 1 of the Dungeon.
You were full.

You visited 1 branch of the dungeon, and saw 1 of its levels.

You collected 44 gold pieces.

Inventory:

Potions
 a - a potion of ambrosia {unknown}
 b - a potion of lignification
Comestibles
 c - a ration


   Skills:
 + Level 1.3 Fighting
 - Level 1.3 Dodging
 * Level 1.8 Unarmed Combat
 - Level 1.0 Spellcasting
   Level 2.0 Summonings
   Level 3.0 Translocations
   Level 2.1 Evocations


You had 2 spell levels left.
You knew the following spells:

 Your Spells              Type           Power        Failure   Level  Hunger
a - Pain                  Necr           #...         30%         1    ##.....

Your spell library contained the following spells:

 Spells                   Type           Power        Failure   Level  Hunger
 Regeneration             Chrm/Necr      #.........   65%         3    ####...


Dungeon Overview and Level Annotations

Branches:
Dungeon (1/15)

Altars:


Innate Abilities, Weirdness & Mutations

You cannot wear armour.
You are incapable of wielding weapons or throwing items.
Your paws allow you to move quietly. (Stealth)
You have sharp claws.
You have razor-sharp teeth.
You have supernaturally acute eyesight. (SInv)
You are carnivorous and can eat meat at any time.
You cover ground quickly.
You are covered in fur. (AC +1)
You have a slow metabolism.
Your sharp claws are effective at attacking unaware monsters.


Message History

A kobold comes into view.
A kobold is nearby!
The kobold shouts!
The kobold throws a stone.
The stone hits you but does no damage.
Found 12 gold pieces and 25 bolts.
You see here a stone.
A kobold is nearby!
A giant cockroach comes into view.
The kobold throws a stone.
The stone hits you.
You see here a stone.
You take 3 damage, and have 6/9 hp.
MASSIVE DAMAGE!!
You are too injured to fight recklessly!
You are too injured to fight recklessly!
You are too injured to fight recklessly!
You are too injured to fight recklessly!
The kobold throws a stone.
The stone barely misses you.
The kobold throws a stone.
The stone closely misses you.
Found 16 arrows.
You scratch the kobold.
You kill the kobold!
The giant cockroach bites you.
You take 1 damage, and have 5/9 hp.
The giant cockroach barely misses you.
You see here a stone.
You scratch the giant cockroach but do no damage.
The giant cockroach misses you.
You scratch the giant cockroach but do no damage.
Your bite misses the giant cockroach. The giant cockroach misses you.
You barely miss the giant cockroach. The giant cockroach misses you.
You scratch the giant cockroach but do no damage.
Your bite misses the giant cockroach. The giant cockroach misses you.
You scratch the giant cockroach.
You kill the giant cockroach!
You start resting.
Key pressed, stopping explore.
Key pressed, stopping explore.
Key pressed, stopping explore.
No target in view!
You regained 2 hp, and now have 8/9 hp.
HP restored.
You see here a stone.
You now have 38 gold pieces (gained 12).
You see here 25 bolts.
Key pressed, stopping explore.
No target in view!
a - a viscous black potion Health restored: 9 You now have 44 gold pieces (gained 6).
A frilled lizard comes into view.
The frilled lizard hisses angrily.
Found a stone staircase leading down.
A frilled lizard is nearby!
A frilled lizard is nearby!
You see here 16 gold pieces.
You closely miss the frilled lizard. The frilled lizard bites you.
You take 3 damage, and have 6/9 hp.
MASSIVE DAMAGE!!
A frilled lizard is nearby!
You are too injured to fight recklessly!
A frilled lizard is nearby!
You are too injured to fight recklessly!
You are too injured to fight recklessly!
A frilled lizard is nearby!
You are too injured to fight recklessly!
A frilled lizard is nearby!
You are too injured to fight recklessly!
You are too injured to fight recklessly!
You are too injured to fight recklessly!
You scratch the frilled lizard.
You kill the frilled lizard!
You see here a frilled lizard corpse.
A hobgoblin comes into view. It is wielding a +0 club.
Unknown command.
A hobgoblin is nearby!
A hobgoblin is nearby!
You are too injured to fight recklessly!
You are too injured to fight recklessly!
You are too injured to fight recklessly!
You are too injured to fight recklessly!
A bat comes into view.
You closely miss the bat. Your bite misses the bat.
The bat hits you but does no damage. The bat barely misses you.
The hobgoblin shouts!
You scratch the bat but do no damage. The bat hits you but does no damage.
The bat completely misses you. The bat hits you.
You take 1 damage, and have 6/9 hp.
The bat hits you but does no damage. The bat closely misses you.
You scratch the bat.
You kill the bat!
You have reached level 2!
You regained 2 hp, and now have 8/12 hp.
MP restored: 4 You scratch the hobgoblin.
The hobgoblin is heavily wounded.
The hobgoblin hits you with a +0 club.
* * * LOW HITPOINT WARNING * * *
You take 5 damage, and have 3/12 hp.
MASSIVE DAMAGE!!
You scratch the hobgoblin. Your bite misses the hobgoblin.
The hobgoblin is severely wounded.
The hobgoblin hits you with a +0 club.
You die...

..........# #.# #####.#
#.#
#.....##########.######
................$†...>#
##.########.####.#.####
##.... #.# #.#.# ...###
#.# #.#.# ...### #.#
#.#.# ...... #.# #@#.#
...... #.# #g#.# ......
#.. ..#.# (..... ###
...# ##.....# +...'
##.###.# #...# ##.# #.#
######## ##.# #.#
#......# ##.# #.#
#......#


You could see a hobgoblin.

Vanquished Creatures
  2 bats (D:1)
  2 giant cockroaches (D:1)
  2 kobolds (D:1)
  A frilled lizard (D:1)
7 creatures vanquished.

Notes
Turn   | Place    | Note
-------+----------+-------------------------------------------
     0 | D:1      | Monsterracer the Felid Wanderer began the quest for the
                  | Orb.
     0 | D:1      | Monsterracer set off with the following items: a potion of
                  | lignification, a ration; and the following spell memorised:
                  | Pain; and the following spells available to memorise:
                  | Regeneration
     0 | D:1      | Reached XP level 1. HP: 9/9 MP: 3/3
   259 | D:1      | Reached XP level 2. HP: 8/12 MP: 4/4
   260 | D:1      | HP: 3/12 [hobgoblin/+0 club (5)]
   261 | D:1      | Slain by a hobgoblin

Action                   || total
-------------------------++-------
Melee: Unarmed           ||    21
       Bite              ||     1
 Stab: Sleeping          ||     2
  Eat: Chunk             ||     2
Armor: Skin              ||     5
Dodge: Dodged            ||    14

Levels and vault maps discovered:
D:1:      eino_arrival_water_cross, layout_basic
